[ AOE2 MATCH · #494589791 ]
UnrankedTeutons vs Khmer
Player's team · WIN
Rival team · LOSS
[ REPLAY ANALYSIS · EXTRACTED FROM THE RECORDED GAME ]
Feudal
10:58
Castle
—
Imperial
—
| APM avg | 76.5 |
| APM peak | 152 |
| eAPM avg | 44.7 |
| Villagers / military | 37 / 10 |
Focus
⚔️ 46.6% · 🌾 53.4%
Archer ×6 · Spearman ×4
Feudal
9:32
Castle
—
Imperial
—
| APM avg | 54.8 |
| APM peak | 109 |
| eAPM avg | 19.9 |
| Villagers / military | 44 / 7 |
Focus
⚔️ 20.5% · 🌾 79.5%
Scout Cavalry ×7
Match map
Initial resources + every placement click. Lines = walls · curves = elevation contours. ◆ gold · ⬟ stone · ● berries · ✦ relic · ◌ wall gap
Your base· Open — unwalled flank
Zezlot's base· Open — 7t gap
Smoothed initial terrain · ◌ = detected wall gap · hover for details
Inputs per minute
— Fukoti - - Zezlot
Build order — Fukoti
71 actions detected in the replay
| 0:00 | Queue | Villager (Male) |
| 0:00 | Queue | Villager (Male) |
| 0:01 | Build | House |
| 0:03 | Build | House |
| 0:04 | Queue | Villager (Male) |
| 0:04 | Queue | Villager (Male) |
| 1:20 | Queue | Villager (Male) |
| 1:43 | Queue | Villager (Male) |
| 1:43 | Queue | Villager (Male) |
| 2:11 | Queue | Villager (Male) |
| 2:37 | Build | Lumber Camp |
| 2:41 | Queue | Villager (Male) |
| 3:00 | Queue | Villager (Male) |
| 3:00 | Queue | Villager (Male) |
| 3:26 | Queue | Villager (Male) |
| 3:38 | Build | House |
| 3:50 | Queue | Villager (Male) |
| 4:25 | Queue | Villager (Male) |
| 4:25 | Queue | Villager (Male) |
| 4:30 | Queue | Villager (Male) |
| 4:31 | Queue | Villager (Male) |
| 4:31 | Queue | Villager (Male) |
| 4:37 | Build | Mill |
| 5:12 | Build | House |
| 5:17 | Queue | Villager (Male) |
| 5:42 | Queue | Villager (Male) |
| 5:52 | Build | Farm |
| 5:52 | Queue | Villager (Male) |
| 6:07 | Queue | Villager (Male) |
| 6:07 | Queue | Villager (Male) |
| 6:13 | Queue | Villager (Male) |
| 6:13 | Queue | Villager (Male) |
| 6:17 | Build | Farm |
| 6:42 | Build | Farm |
| 7:07 | Build | Farm |
| 7:37 | Build | Farm |
| 7:43 | Queue | Villager (Male) |
| 7:59 | Build | Mining Camp |
| 8:05 | Research | Loom |
| 8:47 | Queue | Villager (Male) |
| 8:48 | Research | Feudal Age |
| 8:49 | Research | Feudal Age |
| 8:51 | Build | House |
| 9:54 | Queue | Villager (Male) |
| 9:54 | Queue | Villager (Male) |
| 9:57 | Build | Barracks |
| 10:41 | Queue | Villager (Male) |
| 10:58 | Age | Feudal Age |
| 11:01 | Build | Archery Range |
| 11:05 | Queue | Spearman |
| 11:23 | Research | Double-Bit Axe |
| 11:25 | Queue | Villager (Male) |
| 11:38 | Build | House |
| 11:45 | Queue | Spearman |
| 11:48 | Queue | Archer |
| 11:58 | Queue | Archer |
| 12:15 | Queue | Villager (Male) |
| 12:19 | Queue | Spearman |
| 12:45 | Queue | Archer |
| 12:53 | Queue | Villager (Male) |
| 13:05 | Queue | Villager (Male) |
| 13:12 | Queue | Villager (Male) |
| 13:14 | Queue | Archer |
| 13:19 | Build | House |
| 13:50 | Queue | Villager (Male) |
| 13:50 | Queue | Archer |
| 14:02 | Queue | Archer |
| 14:06 | Queue | Spearman |
| 14:19 | Build | Palisade Wall |
| 14:23 | Queue | Villager (Male) |
| 14:24 | Build | House |
Build order — Zezlot
84 actions detected in the replay
| 0:00 | Queue | Villager (Male) |
| 0:01 | Build | House |
| 0:02 | Build | House |
| 0:04 | Queue | Villager (Male) |
| 0:10 | Queue | Villager (Male) |
| 0:14 | Queue | Villager (Male) |
| 1:25 | Queue | Villager (Male) |
| 1:57 | Queue | Villager (Male) |
| 2:11 | Build | Lumber Camp |
| 2:12 | Queue | Villager (Male) |
| 2:18 | Build | Lumber Camp |
| 2:41 | Queue | Villager (Male) |
| 2:49 | Queue | Villager (Male) |
| 3:25 | Queue | Villager (Male) |
| 3:25 | Queue | Villager (Male) |
| 3:31 | Queue | Villager (Male) |
| 4:06 | Queue | Villager (Male) |
| 4:12 | Build | House |
| 4:17 | Research | Loom |
| 4:17 | Queue | Villager (Male) |
| 4:28 | Queue | Villager (Male) |
| 4:29 | Queue | Villager (Male) |
| 4:53 | Build | Mill |
| 5:00 | Queue | Villager (Male) |
| 5:00 | Queue | Villager (Male) |
| 5:25 | Queue | Villager (Male) |
| 5:38 | Build | Mill |
| 5:48 | Queue | Villager (Male) |
| 6:03 | Queue | Villager (Male) |
| 6:16 | Queue | Villager (Male) |
| 6:33 | Queue | Villager (Male) |
| 7:22 | Research | Feudal Age |
| 7:22 | Research | Feudal Age |
| 7:47 | Queue | Villager (Male) |
| 7:53 | Build | Mill |
| 7:55 | Queue | Villager (Male) |
| 8:04 | Build | Mill |
| 8:17 | Queue | Villager (Male) |
| 8:46 | Build | House |
| 8:47 | Queue | Villager (Male) |
| 8:53 | Queue | Villager (Male) |
| 9:13 | Queue | Villager (Male) |
| 9:15 | Queue | Villager (Male) |
| 9:32 | Age | Feudal Age |
| 9:33 | Build | Stable |
| 9:37 | Queue | Villager (Male) |
| 9:38 | Queue | Villager (Male) |
| 9:59 | Queue | Villager (Male) |
| 9:59 | Queue | Villager (Male) |
| 10:25 | Build | Watch Tower |
| 10:30 | Queue | Villager (Male) |
| 10:36 | Build | House |
| 10:37 | Queue | Villager (Male) |
| 10:43 | Queue | Villager (Male) |
| 10:49 | Queue | Scout Cavalry |
| 10:49 | Queue | Scout Cavalry |
| 10:52 | Queue | Villager (Male) |
| 11:00 | Build | Mining Camp |
| 11:07 | Queue | Villager (Male) |
| 11:29 | Queue | Scout Cavalry |
| 11:29 | Queue | Scout Cavalry |
| 11:30 | Queue | Villager (Male) |
| 11:45 | Queue | Villager (Male) |
| 11:56 | Build | Watch Tower |
| 12:03 | Build | Watch Tower |
| 12:31 | Queue | Scout Cavalry |
| 12:31 | Queue | Villager (Male) |
| 12:36 | Build | House |
| 12:37 | Build | House |
| 12:37 | Build | House |
| 12:37 | Build | House |
| 13:07 | Queue | Scout Cavalry |
| 13:16 | Queue | Villager (Male) |
| 13:22 | Research | Double-Bit Axe |
| 13:33 | Queue | Scout Cavalry |
| 13:52 | Build | Watch Tower |
| 13:59 | Queue | Villager (Male) |
| 14:02 | Build | Farm |
| 14:02 | Build | Farm |
| 14:03 | Build | Farm |
| 14:19 | Build | Farm |
| 14:20 | Build | Farm |
| 14:20 | Build | Farm |
| 14:20 | Build | Farm |
Match timeline
| 9:32 | Zezlot · age_up feudal |
| 9:33 | Zezlot · first_building Stable |
| 9:57 | Fukoti · first_building Barracks |
| 10:58 | Fukoti · age_up feudal |
| 11:01 | Fukoti · first_building Archery Range |
| 14:19 | Fukoti · wall_segment Palisade Wall x1 |
| 14:37 | Zezlot · resign |
[ AI ANALYSIS · 1 CREDIT ]
What really happened in this match?
Wolo.gg analyzes every decision: build order, eco, micro, common mistakes by bracket. Personalized analysis on WhatsApp or Discord in 30 seconds.
Civ guide
Teutons
Perfil
Jugador #262959